 Dungeon Crawl Stone Soup version 0.22.1-1-ga44c0e56f4 (webtiles) character file.

137 Freyura the Shield-Bearer (level 5, -3/47 HPs)
             Began as a Gnoll Fighter on Oct 28, 2018.
             Slain by a gnoll
             ... wielding a +0 flail
              (8 damage)
             ... on level 3 of the Dungeon.
             The game lasted 00:04:22 (2019 turns).

Freyura the Shield-Bearer (Gnoll Fighter)           Turns: 2019, Time: 00:04:23

Health: -3/47      AC:  9    Str: 18    XL:     5   Next: 20%
Magic:  7/7        EV:  8    Int: 10    God:
Gold:   90         SH: 11    Dex: 16    Spells: 6/6 levels left

rFire    . . .     SeeInvis .   a - +0 flail
rCold    . . .     Gourm    .   c - +0 shield
rNeg     . . .     Faith    .   b - +0 scale mail
rPois    .         Spirit   .   (no helmet)
rElec    .         Reflect  .   (no cloak)
rCorr    +         Harm     .   (no gloves)
MR       .....                  k - +0 pair of boots
Stlth    +.........             (no amulet)
HPRegen  0.15/turn              s - ring of resist corrosion
MPRegen  0.10/turn              (no ring)

@: no status effects
A: distributed training, fangs 1, strong nose
a: no special abilities


You were on level 3 of the Dungeon.
You were not hungry.

You visited 1 branch of the dungeon, and saw 3 of its levels.

You collected 90 gold pieces.

Inventory:

Hand Weapons
 a - a +0 flail (weapon)
Armour
 b - a +0 scale mail (worn)
 c - a +0 shield (worn)
 k - a +0 pair of boots (worn)
 n - a +0 large shield
Jewellery
 s - a ring of resist corrosion (left hand)
Scrolls
 e - a scroll of identify
 h - 2 scrolls of remove curse {unknown}
 j - a scroll of blinking {unknown}
 l - 3 scrolls of amnesia {unknown}
 q - a scroll of random uselessness {unknown}
 r - a scroll of enchant armour {unknown}
 t - a scroll of fog {unknown}
Potions
 d - a potion of might
 g - a potion of curing
 i - a potion of flight
 m - 2 potions of resistance
 o - a potion of agility {unknown}
 p - a potion of magic {unknown}
Comestibles
 f - 5 rations


   Skills:
 + Level 6.6 Fighting
 + Level 1.3 Short Blades
 + Level 1.3 Long Blades
 + Level 1.3 Axes
 + Level 4.7 Maces & Flails
 + Level 1.3 Polearms
 + Level 1.3 Staves
 + Level 1.3 Slings
 + Level 1.3 Bows
 + Level 1.3 Crossbows
 + Level 1.3 Throwing
 + Level 6.6 Armour
 + Level 1.3 Dodging
 + Level 1.3 Stealth
 + Level 6.6 Shields
 + Level 1.3 Unarmed Combat
 + Level 1.3 Spellcasting
 + Level 1.1 Conjurations
 + Level 1.1 Hexes
 + Level 1.1 Charms
 + Level 1.1 Summonings
 + Level 1.1 Necromancy
 + Level 1.1 Translocations
 + Level 1.1 Transmutations
 + Level 1.1 Fire Magic
 + Level 1.1 Ice Magic
 + Level 1.1 Air Magic
 + Level 1.1 Earth Magic
 + Level 1.1 Poison Magic
 + Level 1.5 Invocations
 + Level 1.3 Evocations


You had 6 spell levels left.
You didn't know any spells.
Your spell library was empty.

Dungeon Overview and Level Annotations

Branches:
Dungeon (3/15)

Altars:
Dithmenos
Xom


Innate Abilities, Weirdness & Mutations

Your experience applies equally to all skills.
You have very sharp teeth.
Your uncanny sense of smell can sniff out nearby items.


Message History

The gnoll is severely wounded.
The gnoll completely misses you. You block the quokka's attack.
You hit the gnoll.
The gnoll is almost dead.
You block the quokka's attack. The gnoll closely misses you.
You hit the gnoll.
The gnoll is almost dead.
You block the quokka's attack. The gnoll hits you but does no damage.
You block the quokka's attack.
You closely miss the gnoll.
The gnoll is almost dead.
You block the quokka's attack. The gnoll barely misses you.
You closely miss the gnoll.
The gnoll is almost dead.
You block the quokka's attack. The gnoll completely misses you.
You block the quokka's attack.
You barely miss the gnoll.
The gnoll is almost dead.
You block the quokka's attack. The gnoll hits you with a flail!
You die...

##.......## ...
#.........## ...
+.........'. ..#
#.........## #.#
#.......## #.#
##.....## #
#.######...##
#)##.###.........##
#....g@r..#####..#
####.####.#
##...###### #
#.###..........
#.####.##.......####
#......(........#
######.##......##
#........##
##########


You could see a gnoll and a quokka.

Vanquished Creatures
  2 gnolls (D:3)
  6 adders
  An ooze (D:2)
  A worm (D:2)
  A dart slug (D:1)
  3 leopard geckos
  2 bats
  4 giant cockroaches
  5 goblins
  7 hobgoblins
  4 jackals (D:2)
  5 kobolds
  A quokka (D:3)
  2 frilled lizards
  8 rats
52 creatures vanquished.

Notes
Turn   | Place    | Note
-------+----------+-------------------------------------------
     0 | D:1      | Freyura the Gnoll Fighter began the quest for the Orb.
     0 | D:1      | Reached XP level 1. HP: 23/23 MP: 1/1
    58 | D:1      | Reached XP level 2. HP: 25/29 MP: 2/2
   408 | D:1      | Reached XP level 3. HP: 26/35 MP: 3/3
  1073 | D:2      | Reached skill level 1 in Invocations
  1078 | D:2      | Reached skill level 1 in Short Blades
  1078 | D:2      | Reached skill level 1 in Long Blades
  1078 | D:2      | Reached skill level 1 in Axes
  1078 | D:2      | Reached skill level 1 in Polearms
  1078 | D:2      | Reached skill level 1 in Staves
  1078 | D:2      | Reached skill level 1 in Slings
  1078 | D:2      | Reached skill level 1 in Bows
  1078 | D:2      | Reached skill level 1 in Crossbows
  1078 | D:2      | Reached skill level 1 in Throwing
  1078 | D:2      | Reached skill level 1 in Dodging
  1078 | D:2      | Reached skill level 1 in Stealth
  1078 | D:2      | Reached skill level 1 in Unarmed Combat
  1078 | D:2      | Reached skill level 1 in Spellcasting
  1078 | D:2      | Reached skill level 1 in Evocations
  1084 | D:2      | Reached XP level 4. HP: 22/41 MP: 5/5
  1381 | D:2      | Found a shadowy altar of Dithmenos.
  1550 | D:2      | Reached skill level 1 in Conjurations
  1550 | D:2      | Reached skill level 1 in Hexes
  1550 | D:2      | Reached skill level 1 in Charms
  1550 | D:2      | Reached skill level 1 in Summonings
  1550 | D:2      | Reached skill level 1 in Necromancy
  1550 | D:2      | Reached skill level 1 in Translocations
  1550 | D:2      | Reached skill level 1 in Transmutations
  1550 | D:2      | Reached skill level 1 in Fire Magic
  1550 | D:2      | Reached skill level 1 in Ice Magic
  1550 | D:2      | Reached skill level 1 in Air Magic
  1550 | D:2      | Reached skill level 1 in Earth Magic
  1550 | D:2      | Reached skill level 1 in Poison Magic
  1880 | D:3      | Found a shimmering altar of Xom.
  1952 | D:3      | Reached XP level 5. HP: 47/47 MP: 6/6
  2019 | D:3      | Slain by a gnoll

Skill      XL: |  1  2  3  4 |
---------------+-------------+-----
Invocations    | 1 |  1.5
Short Blades   | 1 |  1.3
Long Blades    | 1 |  1.3
Axes           | 1 |  1.3
Polearms       | 1 |  1.3
Staves         | 1 |  1.3
Slings         | 1 |  1.3
Bows           | 1 |  1.3
Crossbows      | 1 |  1.3
Throwing       | 1 |  1.3
Dodging        | 1 |  1.3
Stealth        | 1 |  1.3
Unarmed Combat | 1 |  1.3
Spellcasting   | 1 |  1.3
Evocations     | 1 |  1.3
Conjurations   | 1 |  1.1
Hexes          | 1 |  1.1
Charms         | 1 |  1.1
Summonings     | 1 |  1.1
Necromancy     | 1 |  1.1
Translocations | 1 |  1.1
Transmutations | 1 |  1.1
Fire Magic     | 1 |  1.1
Ice Magic      | 1 |  1.1
Air Magic      | 1 |  1.1
Earth Magic    | 1 |  1.1
Poison Magic   | 1 |  1.1
Fighting       | |  6.6
Maces & Flails | |  4.7
Armour         | |  6.6
Shields        | |  6.6

Action                   |  1- 3 |  4- 6 || total
-------------------------+-------+-------++-------
Melee: Flail             |    99 |    84 ||   183
       Bite              |     9 |    16 ||    25
  Use: Scroll            |       |     3 ||     3
  Eat: Ration            |     1 |       ||     1
Armor: Scale mail        |    63 |    34 ||    97
Dodge: Dodged            |    42 |    32 ||    74
Block: Shield            |    68 |    64 ||   132
